AoeStats
← RJoat

Arabia

506047907Analyzed
1v1 RM · 19d ago on Sep 12, 2026· 47m 37s· 2 players
Game mode
Random Map
Map size
Tiny (2 player)
Population
200
Speed
Normal
Resources
Standard
Victory
Conquest
Starting age
Dark Age
Ending age
Imperial Age
RankedLock teamsTeams togetherTeam positionsShared explorationLock speedFull tech treeHidden civsTurbo modeCheats
Victory
Defeat
🇺🇸 Magyars · United States
1424
+16
🇵🇪 Sicilians · Peru
1417
-16
RJoat
6:34 Loom
9:13 Feudal Age
9:25 Man-at-Arms
15:42 Double-Bit Axe
16:18 Horse Collar
21:55 Castle Age
20:15 Fletching
22:01 Crossbowman
23:10 Bodkin Arrow
23:53 Padded Archer Armor
25:18 Bow Saw
29:11 Town Watch
39:52 Imperial Age
37:53 Scale Barding Armor
38:34 Bloodlines
39:07 Gold Mining
39:21 Husbandry
41:10 Hauberk
43:26 Chain Barding Armor
46:08 Forging
virttuallG
7:02 Loom
9:24 Feudal Age
10:20 Man-at-Arms
22:45 Castle Age
21:04 Gold Mining
21:35 Fletching
23:16 Padded Archer Armor
23:29 Scale Mail Armor
23:58 Double-Bit Axe
24:52 Bow Saw
28:31 Town Watch
35:26 Scale Barding Armor
39:31 Bloodlines
39:21 Husbandry
40:28 Chain Barding Armor
42:24 Wheelbarrow
46:58 Imperial Age
47:04 Imperial Age
48:25 Plate Barding Armor
Connection lost

Rejoining the realm…

Still unreachable

The connection could not be restored.

Session expired

The server has moved on; the page needs a fresh start.